 Dungeon Crawl Stone Soup version 0.30.1-4-g462c640d31 (webtiles) character file.

Game seed: 3460635321426522678

119 Graphine the Ruffian (level 4, -2/36 HPs)
             Began as a Draconian Transmuter on Aug 26, 2023.
             Killed by divine providence
             ... invoked by an orc priest
              (16 damage)
             ... on level 3 of the Dungeon.
             The game lasted 00:04:41 (1807 turns).

Graphine the Ruffian (Draconian Transmuter)         Turns: 1807, Time: 00:04:42

Health: -2/36      AC:  6    Str: 13    XL:     4   Next: 73%
Magic:  5/7        EV: 12    Int: 15    God:
Gold:   134        SH:  0    Dex: 11    Spells: 0/7 levels left

rFire   . . .        d - +1 short sword
rCold   . . .        (no shield)
rNeg    . . .        (body armour unavailable)
rPois   .            (helmet currently unavailable)
rElec   .            (no cloak)
rCorr   .            k - +0 pair of gloves
SInv    .            (boots currently unavailable)
Will    .....        (no amulet)
Stlth   +            (no ring)
HPRegen 0.26/turn    (no ring)
MPRegen 0.10/turn

%: no passive effects
@: appendages, wereblooded
A: horns 2, talons 2, AC +5, unfitting armour, cold-blooded
a: End Transformation


You were on level 3 of the Dungeon.
You had temporarily grown beastly horns and talons.
You visited 1 branch of the dungeon, and saw 3 of its levels.

You collected 134 gold pieces.

Inventory:

Hand Weapons
 d - a +1 short sword (weapon)
Armour
 k - a +0 pair of gloves (worn)
Wands
 e - a wand of quicksilver (13)
 i - a wand of mindburst (8)
Scrolls
 h - 2 scrolls of immolation
Potions
 a - 3 potions of lignification
 b - a potion of degeneration {unknown}
 c - a potion of attraction {unknown}
 f - a potion of heal wounds {unknown}
 g - a potion of invisibility {unknown}
 j - 2 potions of berserk rage
 l - a potion of curing {unknown}


   Skills:
 + Level 2.0 Fighting
 + Level 2.4 Dodging
 * Level 3.9 Unarmed Combat
 + Level 2.4 Spellcasting
 * Level 3.1 Transmutations


You couldn't memorise any spells.
You knew the following spells:

 Your Spells              Type           Power      Damage    Failure   Level
a - Beastly Appendage     Tmut           22%        N/A       6%          1
b - Wereblood             Tmut           11%        N/A       9%          2
c - Ice Form              Ice/Tmut       6%         N/A       73%         4

Your spell library contained the following spells:

 Spells                   Type           Power      Damage    Failure   Level
 Spider Form              Tmut/Pois      6%         N/A       32%         3


Dungeon Overview and Level Annotations

Branches:
Dungeon (3/15)

Altars:

Annotations:
D:3 1 transporter


Innate Abilities, Weirdness & Mutations

You have temporarily grown beastly horns and talons.
Your plain brown scales are hard. (AC +5)
You cannot fit into any form of body armour.
You are cold-blooded and may be slowed by cold attacks.


Message History

An orc comes into view. It is wielding a +0 whip.
Casting: Wereblood (safe; 9% risk of failure)
Confirm with . or Enter, or press ? or * to list all spells.
You grow a pair of large bovine horns.
Your feet morph into talons.
You hit the orc. You claw the orc.
You kill the orc!
Your Fighting skill increases to level 2!
You howl as the wereblood boils in your veins!
The orc hits you from afar with a +0 trident.
Things that are here:
a +0 short sword; an orc corpse An orc and an orc priest come into view.
The orc shouts!
The orc priest shouts!
The orc moves out of view.
You closely miss the orc.
The orc hits you from afar with a +0 trident!
You barely miss the orc priest.
You howl as the wereblood boils in your veins!
The orc hits you from afar with a +0 trident.
Things that are here:
a +0 short sword; an orc corpse You hit the orc priest.
Your headbutt misses the orc priest.
You tail-slap the orc priest, but do no damage.
The orc priest is moderately wounded.
You hit the orc.
You feel a bit better.
You kill the orc!
You hit the orc priest but do no damage.
Your kick misses the orc priest.
The orc priest is moderately wounded.
The orc priest hits you with a +0 club.
You closely miss the orc priest. You headbutt the orc priest!
The orc priest is severely wounded.
The orc hits you from afar with a +0 trident.
The orc priest closely misses you.
You barely miss the orc priest. Your kick misses the orc priest.
The orc priest is severely wounded.
The orc hits you from afar with a +0 trident.
The orc priest mumbles some strange prayers to Beogh against you.
Beogh smites you!
You die...

######. .# #
...... .# #. ...
.## ##. #..#..
..# #.. #.....
#.# #.#
#....o##.# #.####
### #oo@.#+#..^.#
#.. ####.....##.#
#.# ###....#.#
#.# #.#....# #.#
#.#....####.#
#...........##
...........##..#
#.#.............#
# #.........##.##


You could see an orc priest and 2 orcs.

Vanquished Creatures
  Jessica (D:3)
  Ijyb (D:3)
  An adder (D:3)
  A worm (D:2)
  2 dart slugs (D:2)
  2 orcs (D:3)
  6 bats
  An endoplasm (D:1)
  A giant cockroach (D:1)
  4 goblins (D:3)
  5 hobgoblins
  6 jackals (D:3)
  5 kobolds
  3 quokkas
  3 ball pythons
  A frilled lizard (D:3)
  A rat (D:1)
44 creatures vanquished.

Notes
Turn   | Place    | Note
-------+----------+-------------------------------------------
     0 | D:1      | Graphine the Draconian Transmuter began the quest for the
                  | Orb.
     0 | D:1      | Reached XP level 1. HP: 16/16 MP: 3/3
   245 | D:1      | Reached XP level 2. HP: 23/23 MP: 3/5
   786 | D:2      | Learned a level 2 spell: Wereblood
   876 | D:2      | Found a faded altar of an unknown god.
   887 | D:2      | Reached XP level 3. HP: 26/28 MP: 3/6
  1379 | D:3      | Noticed Jessica
  1389 | D:3      | Killed Jessica
  1423 | D:3      | Reached XP level 4. HP: 21/36 MP: 4/7
  1487 | D:3      | Found a transporter.
  1493 | D:3      | Learned a level 4 spell: Ice Form
  1632 | D:3      | Noticed Ijyb
  1646 | D:3      | Killed Ijyb
  1807 | D:3      | Killed from afar by an orc priest

Illustrated notes

Levels and vault maps discovered:
D:1:      nagdon_arrival_zigzag_paths, layout_basic, minmay_misc_feat_iff
D:2:      layout_loops_ring, ebering_ecumenical_altar_mist
D:3:      gammafunk_steamed_eel, layout_loops_cross,
          lemuel_zombie_altar_kikubaaqudgha,
          mainiacjoe_overflow_surrounded_room, uniq_ijyb, uniq_jessica,
          uniq_grinder

Skill      XL: |  1  2  3  4 |
---------------+-------------+-----
Dodging        | 2 |  2.4
Transmutations | 3 |  3.1
Fighting       | 2 |  2.0
Unarmed Combat | |  3.9
Spellcasting   | |  2.4

Action                     |  1- 3 |  4- 6 || total
---------------------------+-------+-------++-------
  Melee: Unarmed           |    10 |       ||    10
         Short sword       |    86 |    50 ||   136
         Kick              |    17 |     5 ||    22
         Headbutt          |    10 |     5 ||    15
         Tailslap          |     9 |     4 ||    13
         Punch             |     2 |     2 ||     4
   Cast: Beastly Appendage |    17 |     6 ||    23
         Wereblood         |     6 |     5 ||    11
  Evoke: Wand              |       |     2 ||     2
    Use: Scroll            |     7 |       ||     7
 Armour: Skin              |    37 |    12 ||    49
  Dodge: Dodged            |    63 |    37 ||   100
